 Dungeon Crawl Stone Soup version 0.26-a0-30-g56b8cd3df0 (webtiles) character file.

Game seed: 12554076828792300723, levelgen mode: deterministic

97 vurker the Magician (level 4, 0/35 HPs)
             Began as a Demigod Wizard on June 3, 2020.
             Succumbed to an orc warrior's poison
             ... on level 3 of the Dungeon.
             The game lasted 00:04:08 (2549 turns).

vurker the Magician (Demigod Wizard)                Turns: 2549, Time: 00:04:08

Health: 0/35       AC:  2    Str:  9 (10) XL:     4   Next: 19%
Magic:  3/12       EV: 12    Int: 22 (24) God:
Gold:   108        SH:  0    Dex: 13 (14) Spells: 5/10 levels left

rFire    . . .     SeeInvis .   m - +2 spear (venom)
rCold    . . .     Gourm    .   (no shield)
rNeg     . . .     Faith    .   a - +0 robe
rPois    .         Spirit   .   b - +0 hat
rElec    .         Reflect  .   (no cloak)
rCorr    .         Harm     .   (no gloves)
MR       .....                  (no boots)
Stlth    ++........             n - amulet of regeneration
HPRegen  0.51/turn              (no ring)
MPRegen  0.13/turn              (no ring)

@: lethally poisoned (0 -> -9), very slightly contaminated
A: high mp 1
a: no special abilities


You were on level 3 of the Dungeon.
You were not hungry.

You visited 1 branch of the dungeon, and saw 4 of its levels.

You collected 108 gold pieces.

Inventory:

Hand Weapons
 m - a +2 spear of venom (weapon)
   (You took it off a gnoll on level 2 of the Dungeon)
Armour
 a - a +0 robe (worn)
 b - a +0 hat (worn)
Jewellery
 k - an uncursed amulet of magic regeneration
   (You found it on level 2 of the Dungeon)
 n - an amulet of regeneration (around neck)
   (You found it on level 2 of the Dungeon)
Scrolls
 c - a scroll of enchant weapon {unknown}
 f - 2 scrolls of remove curse {unknown}
 i - a scroll of magic mapping {unknown}
 j - 5 scrolls of identify {unknown}
Potions
 d - a potion of stabbing {unknown}
 g - a potion of might {unknown}
 h - a potion of invisibility {unknown}
 l - a potion of degeneration
 o - a potion of curing {unknown}
Comestibles
 e - 4 rations
 p - 10 chunks of flesh


   Skills:
 + Level 1.3 Fighting
 - Level 1.7 Dodging
 - Level 1.7 Stealth
 * Level 3.5 Spellcasting
 * Level 2.5 Conjurations
 - Level 0.8 Summonings
 - Level 0.8 Translocations


You had 5 spell levels left.
You knew the following spells:

 Your Spells              Type           Power        Failure   Level  Hunger
a - Magic Dart            Conj           ###.         4%          1    None
b - Call Imp              Summ           #.......     13%         2    ##.....
w - Blink                 Tloc           N/A          13%         2    ##.....

Your spell library contained the following spells:

 Spells                   Type           Power        Failure   Level  Hunger
 Slow                     Hex            #.......     19%         2    ##.....
 Conjure Flame            Conj/Fire      #.......     22%         3    ###....
 Mephitic Cloud           Conj/Pois/Air  #.......     26%         3    ###....


Dungeon Overview and Level Annotations

Branches:
Dungeon (4/15)
 Temple: D:4-7


Innate Abilities, Weirdness & Mutations

You have an increased reservoir of magic. (+10% MP)


Message History

You miscast Call Imp.
Nothing appears to happen.
You swap places.
Your crimson imp blinks!
Attack whom?
Aim: an orc warrior, wielding a +2 trident of venom and wearing a +0 plate armour (lightly wounded)
You reach to attack!
You hit the orc warrior but do no damage.
The orc warrior is poisoned.
The orc hits your crimson imp with a +0 hand axe.
The orc warrior hits you from afar with a +2 trident of venom!
Your crimson imp closely misses the orc.
Attack whom?
Aim: an orc warrior, wielding a +2 trident of venom and wearing a +0 plate armour (lightly wounded, very poisoned)
You reach to attack!
You hit the orc warrior but do no damage.
The orc warrior looks as sick as possible!
The orc closely misses your crimson imp.
The orc warrior closely misses you.
Your crimson imp closely misses the orc.
Attack whom?
Aim: an orc warrior, wielding a +2 trident of venom and wearing a +0 plate armour (lightly wounded, extremely poisoned)
You reach to attack!
You hit the orc warrior but do no damage.
The orc warrior looks as sick as possible!
The orc closely misses your crimson imp.
The orc warrior hits you from afar with a +2 trident of venom!
* * * LOW HITPOINT WARNING * * *
You are poisoned.
Your crimson imp hits the orc but does no damage.
Okay, then.
You are too injured to fight recklessly!
Attack whom?
Aim: an orc warrior, wielding a +2 trident of venom and wearing a +0 plate armour (moderately wounded, extremely poisoned)
You reach to attack!
You hit the orc warrior but do no damage.
The orc warrior looks as sick as possible!
You feel sick.
The orc hits your crimson imp but does no damage.
The orc warrior hits you from afar with a +2 trident of venom!
* * * LOW HITPOINT WARNING * * *
You are lethally poisoned!
Your crimson imp hits the orc but does no damage.
* * * LOW HITPOINT WARNING * * *
You feel sick.
The orc hits your crimson imp but does no damage.
Your crimson imp hits the orc but does no damage.
It was a potion of degeneration.
There was something very wrong with that liquid.
You feel weakened.
You feel dopey.
You feel clumsy.
You die...

############# #.@.o.5oo...#
#.#########.## ######
#.########...## .....#
#####............)##
####.######..............o...#
#............######...#.o.#
###รท.........# #..###o.#
#.####.##### #.# .#o# #.#
#.... #. # .#


You could see an orc warrior (extremely poisoned), 2 orcs and a friendly crimson
imp (summoned).

Vanquished Creatures
  A gnoll (D:2)
  2 adders (D:3)
  A dart slug (D:2)
  2 leopard geckos
  An orc (D:3)
  3 bats
  3 giant cockroaches
  4 hobgoblins
  3 jackals (D:3)
  4 kobolds
  2 quokkas
  A ball python (D:2)
  A frilled lizard (D:1)
  3 goblins
  4 rats (D:1)
35 creatures vanquished.

Vanquished Creatures (collateral kills)
  Jessica (D:2)
  3 gnolls (D:2)
4 creatures vanquished.

Grand Total: 39 creatures vanquished

Notes
Turn   | Place    | Note
-------+----------+-------------------------------------------
     0 | D:1      | vurker the Demigod Wizard began the quest for the Orb.
     0 | D:1      | Reached XP level 1. HP: 14/14 MP: 6/6
    24 | D:1      | Reached skill level 1 in Conjurations
   466 | D:1      | Reached XP level 2. HP: 22/22 MP: 5/8
   592 | D:1      | Learned a level 2 spell: Call Imp
   595 | D:1      | Learned a level 2 spell: Blink
   769 | D:1      | Reached skill level 3 in Spellcasting
  1416 | D:2      | Found a faded altar of an unknown god.
  1439 | D:2      | Noticed Jessica
  1448 | D:2      | Killed Jessica
  1448 | D:2      | Reached XP level 3. HP: 27/27 MP: 8/10
  1535 | D:2      | Reached skill level 1 in Fighting
  2124 | D:2      | You fall into a shaft and drop 2 floors!
  2422 | D:3      | Reached XP level 4. HP: 34/35 MP: 12/12
  2524 | D:3      | Noticed an orc warrior
  2548 | D:3      | HP: 1/35 [poisoned by an orc warrior]
  2549 | D:3      | Succumbed to an orc warrior's poison

Illustrated notes

Levels and vault maps discovered:
D:1:      lightli_arrival_boilingwater, layout_basic
D:2:      layout_basic, chequers_ecumenical_altar_simple_redux, st_stairs_12,
          uniq_jessica
D:3:      layout_loops_ring, nicolae_overflow_hidden_temple, kennysheep_potato,
          uniq_ijyb
D:4:      layout_loops_ring, minmay_temple_entry_drinking_statues, serial_shops,
          shop, first_ration

Skill      XL: |  1  2  3 |
---------------+----------+-----
Conjurations   | 1 2 |  2.5
Spellcasting   | 3 |  3.5
Fighting       | 1 |  1.3
Dodging        | |  1.7
Stealth        | |  1.7
Summonings     | |  0.8
Translocations | |  0.8

Action                   |  1- 3 |  4- 6 || total
-------------------------+-------+-------++-------
Melee: Unarmed           |    23 |       ||    23
       Spear             |    21 |    15 ||    36
 Cast: Magic Dart        |    63 |     4 ||    67
       Call Imp          |     6 |     2 ||     8
  Use: Potion            |       |     1 ||     1
 Stab: Sleeping          |       |     2 ||     2
  Eat: Chunk             |     4 |     1 ||     5
Armor: Robe              |     5 |       ||     5
Dodge: Dodged            |    34 |     6 ||    40

Table legend:
 A = Non-vault XP
 B = Vault XP
 C = Vault XP percentage of total XP
 D = Non-vault monster count
 E = Vault monster count
 F = Vault count percentage of total count
                 A         B        C        D         E       F
            +---------+---------+-------+---------+---------+-------
      Total |     120 |      19 |  13.7 |      38 |       1 |   2.6
            +---------+---------+-------+---------+---------+-------
        D:1 |      24 |       0 |   0.0 |      15 |       0 |   0.0
        D:2 |      52 |      19 |  26.8 |      12 |       1 |   7.7
        D:3 |      44 |       0 |   0.0 |      11 |       0 |   0.0
            +---------+---------+-------+---------+---------+-------
